Map: Dash and Terminal LE (Void)

Players

Masse

  • Race: Terran Terran
  • League: Silver

wabbajack - Winner!

  • Race: Zerg Zerg
  • League: Gold

VOD

Have the link to the VOD?

Description

Time

  • Played on: July 19, 2015, 10:24 p.m.
  • Length: 13:19
Show
View Real Time Build Order
Export as new Build Order

Masse Terran 

Build Orders: Reaper Expand, MMM Bio 

Get SALT Encoding   

  12  0:01  SCV  
  13  0:13  SCV  
  14  0:23  Supply Depot  
  14  0:25  SCV  
  15  0:38  Refinery  
  15  0:44  SCV  
  16  0:50  Barracks  
  16  0:56  SCV  
  17  1:09  SCV  
  18  1:21  SCV  
  18  1:37  Orbital Command  
  18  1:39  Reaper  
  19  1:56  Command Center  
  19  2:04  SCV  
  20  2:10  Factory  
  20  2:15  Marine  
  20  2:18  SCV  
  22  2:24  Supply Depot  
  22  2:36  SCV  
  23  2:40  Barracks Reactor  
  23  2:47  Barracks  
  23  2:48  SCV  
  24  3:00  SCV  
  25  3:17  Marine x2  
  27  3:26  Factory Tech Lab  
  27  3:29  Engineering Bay  
  27  3:30  SCV  
  27  3:31  Engineering Bay, Orbital Command  
  28  3:35  Marine x2  
  28  3:36  Supply Depot  
  28  3:38  Barracks Tech Lab  
  30  3:44  SCV  
  31  3:52  Cyclone  
  31  3:53  Marine  
  35  4:02  Bunker  
  35  4:06  Engineering Bay  
  35  4:19  Engineering Bay  
  35  4:21  Marine x2  
  37  4:27  Bunker  
  37  4:34  SCV x2  
  37  4:38  Marauder  
  41  4:39  Stimpack  
  41  4:46  SCV x2  
  39  4:54  Marine x2  
  39  4:58  SCV  
  39  4:59  Marauder  
  41  5:00  SCV  
  41  5:07  Terran Infantry Weapons Level 1  
  37  5:10  SCV  
  37  5:12  Marine x2  
  39  5:30  Refinery  
  39  5:39  Supply Depot  
  39  5:42  SCV x2  
  41  5:44  Marine x3  
  43  5:54  SCV x2  
  45  6:01  Refinery, Marine  
  45  6:02  Marauder, Factory Reactor, Marine  
  45  6:03  Supply Depot  
  49  6:06  SCV x2  
  51  6:18  SCV x2  
  50  6:19  Marine x2  
  50  6:24  Marauder  
  47  6:30  SCV x2  
  49  6:37  Marine x2  
  51  6:40  Combat Shields  
  51  6:42  SCV x2  
  51  6:45  Marauder  
  55  6:49  Barracks  
  55  6:53  Terran Infantry Armor Level 1, Missile Turret x2  
  55  6:55  Marine x2  
  55  6:57  SCV x2  
  59  7:06  Marine  
  60  7:09  SCV x2  
  60  7:10  Factory Reactor  
  60  7:12  Starport  
  60  7:13  Marine  
  63  7:16  Marine  
  64  7:24  Marauder  
  64  7:26  SCV  
  64  7:28  Supply Depot, SCV  
  68  7:36  Armory  
  68  7:38  SCV  
  68  7:40  Marine  
  70  7:49  SCV, Marine x2  
  70  7:50  Marauder  
  70  7:51  SCV, Medivac  
  78  8:13  Barracks Reactor  
  78  8:30  Terran Ship Weapons Level 1  
  78  8:41  Supply Depot  
  78  8:42  SCV, Marine x2  
  78  8:43  SCV, Marauder  
  78  8:44  Liberator  
  78  8:47  Supply Depot  
  84  8:49  Widow Mine  
  84  8:52  Command Center  
  84  8:55  Supply Depot  
  86  8:56  Supply Depot  
  86  9:00  Widow Mine  
  86  9:01  Terran Infantry Weapons Level 2, Marine x2  
  93  9:04  Marauder  
  93  9:09  Medivac  
  97  9:14  SCV x2, Refinery  
  97  9:15  Marine x2  
  101  9:18  Marine  
  102  9:24  Supply Depot  
  102  9:26  Supply Depot, Marine, SCV x2, Marauder  
  107  9:33  Marine  
  108  9:38  SCV  
  108  9:39  SCV, Medivac  
  112  9:47  Marauder  
  112  9:49  Marine x3  
  112  9:51  SCV x2, Marine  
  120  10:04  Orbital Command  
  120  10:06  Missile Turret, Marine  
  120  10:07  Marine  
  121  10:08  Marauder  
  121  10:11  Marine  
  122  10:26  Marine  
  122  10:27  Marine x2  
  118  10:29  Marine  
  118  10:30  Marauder  
  121  10:44  Marine x3  
  121  10:47  Marine  
  100  10:51  Marauder  
  97  11:01  Liberator  
  97  11:02  Marine x3  
  97  11:04  Marine  
  97  11:07  Barracks  
  97  11:08  Barracks  
  97  11:09  Barracks  
  97  11:10  Barracks  
  98  11:11  Refinery  
  98  11:12  Marauder  
  98  11:15  SCV x3  
  97  11:20  Medivac, Marine x3  
  97  11:22  Marine  
  106  11:27  SCV x3  
  106  11:33  Liberator  
  106  11:34  Marauder  
  106  11:38  Marine x3  
  111  11:40  Marine  
  113  11:55  Marine, Marauder  
  113  11:56  Marine x2  
  113  11:58  Marine  
  113  11:59  Marine x4  
  98  12:13  Marine x2  
  98  12:14  Marine  
  87  12:16  Marine  
  87  12:17  Marine x4, Marauder  
  73  12:31  Marine x3  
  73  12:33  Marine  
  73  12:35  Marine x4  
  68  12:37  SCV x3  
  68  12:38  Marauder  
  56  12:49  Marine  
  56  12:50  Marine x2  
  55  12:51  Marine  
Show
View Real Time Build Order
Export as new Build Order

wabbajack Zerg - Winner!

Build Orders: Hatch First, Lurkers 

Get SALT Encoding   

  12  0:08  Drone  
  13  0:17  Overlord  
  13  0:21  Drone  
  14  0:32  Drone, Extractor  
  15  0:35  Drone  
  16  0:43  Drone  
  17  0:58  Hatchery  
  17  1:01  Drone  
  17  1:02  Drone  
  18  1:07  Extractor  
  18  1:08  Extractor  
  16  1:14  Drone  
  17  1:26  Spawning Pool  
  16  1:37  Drone x2  
  18  1:46  Drone  
  19  1:55  Overlord  
  19  2:06  Drone  
  20  2:17  Queen  
  20  2:18  Metabolic Boost  
  22  2:25  Pneumatized Carapace  
  22  2:35  Zergling x6  
  25  2:39  Zergling x2  
  25  3:02  Spine Crawler  
  23  3:17  Queen  
  23  3:19  Overlord  
  25  3:22  Drone x2  
  25  3:24  Zergling x6  
  29  3:40  Zergling x2  
  29  3:41  Zergling x2  
  31  3:52  Zergling x4  
  33  3:58  Zergling x2  
  33  3:59  Zergling x6  
  33  4:00  Zergling x2  
  38  4:09  Lair  
  38  4:13  Drone x2  
  38  4:15  Roach Warren  
  29  5:11  Zergling x2  
  29  5:12  Zergling x4  
  29  5:13  Zergling x4  
  29  5:14  Zergling x6  
  34  5:15  Zergling x4  
  34  5:17  Overlord  
  34  5:21  Drone x3  
  40  5:35  Drone x2  
  42  5:42  Hatchery  
  29  6:34  Drone  
  29  6:35  Drone x10  
  29  6:36  Queen  
  42  6:48  Hatchery  
  42  6:50  Hydralisk Den  
  40  6:55  Evolution Chamber  
  40  7:00  Extractor  
  38  7:02  Extractor  
  37  7:16  Drone x14  
  37  7:17  Drone  
  37  7:21  Overlord  
  52  7:23  Zerg Missile Weapons Level 1  
  52  7:26  Glial Reconstitution  
  52  7:30  Lurker Den  
  52  7:38  Overlord x2  
  52  8:01  Queen  
  54  8:05  Drone  
  54  8:06  Drone x2  
  54  8:07  Drone x2  
  54  8:09  Queen  
  61  8:26  Overlord x2  
  61  8:29  Hydralisk x4, Roach  
  61  8:30  Hydralisk x2, Roach x6  
  87  8:42  Overlord x3  
  87  8:43  Overlord  
  87  9:03  Muscular Augments  
  87  9:13  Evolution Chamber, Lurker x4  
  87  9:16  Roach x3  
  96  9:24  Extractor  
  96  9:25  Extractor  
  96  9:26  Drone x3  
  96  9:27  Drone x3  
  100  9:35  Drone x4  
  100  9:37  Drone x2  
  100  9:38  Drone  
  107  9:39  Overlord x2  
  107  9:40  Hydralisk x3, Roach  
  107  9:41  Roach x4  
  123  10:05  Zerg Missile Weapons Level 2  
  123  10:06  Zerg Ground Armor Level 1  
  106  10:43  Hydralisk  
  106  10:44  Hydralisk x5, Roach x3  
  106  10:45  Roach x3  
  106  10:46  Roach  
  111  10:55  Drone x3  
  111  10:56  Drone x2  
  105  11:38  Overseer  
  103  11:50  Hatchery  
  103  11:54  Hatchery  
  57  12:27  Hydralisk  
  57  12:28  Hydralisk x5, Roach x3  
  57  12:29  Roach x4  
  83  12:39  Spine Crawler  
  83  12:42  Spine Crawler, Extractor  
  80  12:45  Spine Crawler  
  80  12:47  Spine Crawler  
Tags
 
Add a new tag
Caveats
  • Supply blocks, unpowered buildings, or Contaminate may cause inaccurate times.
  • Supply counts are checked every 10 seconds.